 Dungeon Crawl Stone Soup version 0.14.0-26-g1682e81 (webtiles) character file.

408 Heini the Chopper (level 6, 0/56 HPs)
             Began as a Hill Orc Fighter on Apr 26, 2014.
             Slain by a mummy (16 damage)
             ... in an ossuary.
             The game lasted 00:07:35 (2427 turns).

Heini the Chopper (Hill Orc Fighter)                Turns: 2427, Time: 00:07:35

HP   0/56        AC  9     Str 21      XL: 6   Next: 40%
MP   6/6         EV  6     Int  8      God:
Gold 100         SH 18     Dex 10      Spells:  0 memorised,  5 levels left

rFire  . . .     SeeInvis .     a - +0,+1 war axe
rCold  . . .     Clarity  .     b - +0 scale mail (curse)
rNeg   + . .     Conserve .     c - +0 shield
rPois  .         rCorr    .     (no helmet)
rElec  .         rRot     .     (no cloak)
SustAb . .       Spirit   .     (no gloves)
rMut   .         Warding  +     i - +1 pair of boots (curse)
Saprov + . .     Stasis   .     q - amulet of warding
MR     .....                    (no ring)
                                (no ring)

@: not resistant to hostile enchantments, extremely unstealthy
A: saprovore 1
a: no special abilities


You were in an ossuary.
You were not hungry.

You visited 1 branch of the dungeon, and saw 4 of its levels.
You also visited: Ossuary.

You collected 100 gold pieces.

Inventory:

Hand weapons
 a - a +0,+1 war axe (weapon)
Armour
 b - a cursed +0 scale mail (worn)
 c - a +0 shield (worn)
 i - a cursed +1 pair of boots (worn)
Comestibles
 d - a meat ration
 l - 3 bread rations
Scrolls
 j - a scroll of noise
 n - 5 scrolls of remove curse
 o - a scroll of identify
 p - a scroll of teleportation
Jewellery
 m - a cursed ring of protection from cold {unknown}
 q - an amulet of warding (around neck)
Potions
 e - 3 potions of might
 f - a potion of flight
 g - a potion of resistance
 h - 2 potions of agility
 k - 2 potions of curing


   Skills:
 * Level 5.2 Fighting
 * Level 5.4 Axes
 * Level 5.3 Armour
 - Level 3.4 Shields


You had 5 spell levels left.
You didn't know any spells.

Dungeon Overview and Level Annotations

Branches:
Dungeon (4/15)
 Temple: D:4-7

Altars:
Sif Muna


Innate Abilities, Weirdness & Mutations

You can tolerate rotten meat.


Message History

You hit the decayed bog body.
The decayed bog body is almost destroyed.
The decayed bog body begins to rapidly decay!
The decayed bog body hits you. The decayed bog body barely misses you.
The decayed bog body hits you.
* * * LOW HITPOINT WARNING * * *
The decayed bog body completely misses you.
You hit the decayed bog body.
You destroy the decayed bog body!
There is an open door here.
You start resting.
You hit the mummy.
The mummy is moderately damaged.
You block the mummy's attack.
You hit the mummy.
The mummy is moderately damaged.
You hit the mummy.
The mummy is heavily damaged.
The mummy hits you!
You die...

##### #.#.#
≈z#'#+#'#'#
≈.M≈≈....z+
###≈#####.#
#..@#.+
#.∩.Mz#
#∩..#.'.#
#####.###
+≈+ #≈# #≈+
+≈# #.≈


You could see a mummy and a goblin zombie.

Vanquished Creatures
  An ogre (D:4)
  A bog body (Ossuary)
  An orc wizard (D:3)
  A worker ant (D:4)
  Jessica (D:3)
  3 mummies (Ossuary)
  A worker ant zombie (Ossuary)
  An adder (D:3)
  6 giant geckos
  7 bats
  A bat skeleton (D:4)
  3 giant cockroaches
  A gnoll zombie (Ossuary)
  6 goblins
  7 hobgoblins
  6 jackals
  6 quokkas (D:2)
  3 giant newts
  11 kobolds
  5 rats
72 creatures vanquished.

Notes
Turn   | Place    | Note
--------------------------------------------------------------
     0 | D:1      | Heini, the Hill Orc Fighter, began the quest for the Orb.
     0 | D:1      | Reached XP level 1. HP: 19/19 MP: 1/1
    71 | D:1      | Reached skill level 4 in Fighting
    75 | D:1      | Reached XP level 2. HP: 24/27 MP: 2/2
   715 | D:1      | Reached XP level 3. HP: 33/33 MP: 3/3
  1358 | D:2      | Reached XP level 4. HP: 41/41 MP: 4/4
  1500 | D:3      | Noticed Jessica
  1509 | D:3      | Killed Jessica
  1831 | D:3      | Found a deep blue altar of Sif Muna.
  1856 | D:3      | Reached XP level 5. HP: 29/47 MP: 5/5
  2261 | D:4      | Noticed an ogre
  2272 | D:4      | Killed an ogre
  2278 | D:4      | Reached skill level 5 in Fighting
  2278 | D:4      | Reached skill level 5 in Axes
  2278 | D:4      | Reached skill level 5 in Armour
  2278 | D:4      | Reached XP level 6. HP: 22/56 MP: 6/6
  2362 | D:4      | Found a sand-covered staircase.
  2369 | Ossuary  | Entered an ossuary
  2427 | Ossuary  | Slain by a mummy

Action                   |  1- 3 |  4- 6 || total
-------------------------+-------+-------++-------
Melee: War axe           |   165 |    90 ||   255
  Use: Scroll            |     6 |     1 ||     7
